 Dungeon Crawl Stone Soup version 0.17-a0-1945-gfe993df (webtiles) character file.

613 Kusio the Basher (level 7, 0/105 HPs)
             Began as an Ogre Berserker on Oct 1, 2015.
             Was an Elder of Trog.
             Slain by an ogre
             ... wielding a +0 giant club
              (8 damage)
             ... on level 4 of the Dungeon.
             The game lasted 00:07:28 (3097 turns).

Kusio the Basher (Ogre Berserker)                   Turns: 3097, Time: 00:07:28

Health: 0/105      AC:  8    Str: 30    XL:     7   Next: 44%
Magic:  7/7        EV: 10    Int:  6    God:    Trog [****..]
Gold:   202        SH:  0    Dex: 11    Spells: 0 memorised, 6 levels left

rFire  . . .     SeeInvis .     a - +0 mace
rCold  . . .     Clarity  .     b - +0 animal skin
rNeg   . . .     SustAt   .     (no shield)
rPois  +         Gourm    .     (helmet restricted)
rElec  .         Spirit   .     k - +0 cloak {MR+}
rCorr  .         Warding  .     (gloves unavailable)
rMut   .         Stasis   .     (boots unavailable)
MR     +....                    (no amulet)
Stlth  ..........               (no ring)
                                s - ring of poison resistance

@: berserking, very quick, somewhat resistant to hostile enchantments, extremely
unstealthy
A: unfitting armour, iridescent scales 1, blurry vision 1, strong 1, tough skin
1
a: Burn Spellbooks, Berserk, Trog's Hand, Brothers in Arms, Renounce Religion


You were on level 4 of the Dungeon.
You worshipped Trog.
Trog was greatly pleased with you.
You were not hungry.

You visited 1 branch of the dungeon, and saw 4 of its levels.

You collected 202 gold pieces.

Inventory:

Hand weapons
 a - a +0 mace (weapon)
Armour
 b - a +0 animal skin (worn)
 k - a +0 cloak of magic resistance (worn)
Jewellery
 s - a ring of poison resistance (left hand)
Scrolls
 f - a scroll of random uselessness {unknown}
 h - a scroll of enchant weapon {unknown}
 i - a scroll of remove curse {unknown}
 m - a scroll of fear {unknown}
 n - 2 scrolls of teleportation {unknown}
 r - 3 scrolls of identify {unknown}
 v - a scroll of noise {unknown}
 w - a scroll of fog {unknown}
Potions
 d - a potion of ambrosia {unknown}
 e - 3 potions of degeneration {unknown}
 g - a potion of resistance {unknown}
 j - a potion of flight {unknown}
 l - 2 potions of invisibility {unknown}
 o - a potion of agility {unknown}
 p - 2 potions of brilliance {unknown}
 q - a potion of mutation
 t - a potion of poison {unknown}
 u - a potion of curing {unknown}
Comestibles
 c - 3 bread rations


   Skills:
 - Level 4.0 Fighting
 + Level 10.8 Maces & Flails
 - Level 2.6 Dodging


You had 6 spell levels left.
You didn't know any spells.

Dungeon Overview and Level Annotations

Branches:
Dungeon (4/15)
 Temple: D:4-7

Altars:
Dithmenos
Elyvilon
Makhleb
The Shining One


Innate Abilities, Weirdness & Mutations

You are too large for most types of armour.
You have tough skin (AC +1).
You are partially covered in iridescent scales (AC +4).
Scrolls take you a little longer to read.
Your muscles are strong. (Str +2)


Message History

A red film seems to cover your vision as you go berserk!
You feel yourself moving faster!
You feel mighty!
You feel somewhat more hungry. The ogre closely misses you.
You barely miss the ogre.
The ogre is moderately wounded.
You barely miss the ogre.
The ogre is moderately wounded.
The ogre hits you with a giant club!
You sock the ogre!
The ogre is heavily wounded.
You barely miss the ogre.
The ogre is heavily wounded.
The ogre hits you with a giant club!!
* * * LOW HITPOINT WARNING * * *
You closely miss the ogre.
The ogre is heavily wounded.
You barely miss the ogre.
The ogre is heavily wounded.
The ogre hits you with a giant club!
You die...

......######......#
......+...........#####
......#####...........#
#.#............>......+
........#'##......#
........#'#......#######
...#####..<...........>.
.) .....................
. ....#....@...........
♣♣♣♣+.#...O...$......
#.#..............
#.####........... #.
#...........
#...........
#...........
#........<..
###.#+#.###.


You could see an ogre.

Vanquished Creatures
  Sigmund (D:3)
  A scorpion (D:4)
  Crazy Yiuf (D:3)
  3 orc wizards (D:4)
  A giant frog skeleton (D:4)
  A hound (D:4)
  3 worker ants (D:4)
  5 adders
  A gnoll (D:1)
  3 oozes (D:1)
  2 worms
  12 orcs
  6 bats
  4 giant cockroaches
  8 goblins
  13 hobgoblins
  2 quokkas
  A ball python (D:2)
  2 giant geckos (D:2)
  6 giant newts
  10 jackals (D:3)
  6 kobolds
  5 rats
  2 fungi (D:3)
99 creatures vanquished.

Notes
Turn   | Place    | Note
--------------------------------------------------------------
     0 | D:1      | Kusio the Ogre Berserker began the quest for the Orb.
     0 | D:1      | Reached XP level 1. HP: 24/24 MP: 1/1
   105 | D:1      | Reached XP level 2. HP: 24/32 MP: 2/2
   142 | D:1      | Reached skill level 5 in Maces & Flails
   483 | D:1      | Reached XP level 3. HP: 36/39 MP: 3/3
   495 | D:1      | Acquired Trog's second power
   789 | D:2      | Reached skill level 6 in Maces & Flails
   931 | D:2      | Reached XP level 4. HP: 33/48 MP: 4/4
  1115 | D:2      | Found a burning altar of Makhleb.
  1128 | D:2      | Found a shadowy altar of Dithmenos.
  1328 | D:3      | Reached skill level 7 in Maces & Flails
  1347 | D:3      | Noticed Sigmund
  1352 | D:3      | Killed Sigmund
  1352 | D:3      | Reached skill level 8 in Maces & Flails
  1352 | D:3      | Reached XP level 5. HP: 47/54 MP: 5/5
  1352 | D:3      | Reached XP level 6. HP: 53/62 MP: 6/6
  1472 | D:3      | Reached skill level 9 in Maces & Flails
  2043 | D:3      | Found a glowing golden altar of the Shining One.
  2506 | D:3      | Noticed Crazy Yiuf
  2508 | D:3      | Gained mutation: Scrolls take you a little longer to read. [potion of mutation]
  2508 | D:3      | Gained mutation: You are partially covered in iridescent scales (AC +4). [potion of mutation]
  2508 | D:3      | Gained mutation: Your muscles are strong. (Str +2) [potion of mutation]
  2513 | D:3      | Paralysed by Crazy Yiuf for 4 turns
  2521 | D:3      | Killed Crazy Yiuf
  2692 | D:4      | Found a white marble altar of Elyvilon.
  2747 | D:4      | Reached skill level 10 in Maces & Flails
  2747 | D:4      | Reached XP level 7. HP: 51/70 MP: 7/7
  3049 | D:4      | Acquired Trog's third power
  3097 | D:4      | Slain by an ogre

Vault maps used:
D:1:      roderic_chinese_lattice_arrival, roderic_lattice_a
D:2:      amethyst_overflow_temple_binary
D:3:      tso_altar, uniq_crazy_yiuf_cottage, uniq_sigmund
D:4:      vehumet_crystals, elyvilon_altar_1, serial_shops, kennysheep_mini_moat

Action                   |  1- 3 |  4- 6 |  7- 9 || total
-------------------------+-------+-------+-------++-------
Melee: Mace              |    77 |   221 |    64 ||   362
Invok: Berserk           |     3 |     4 |     1 ||     8
  Use: Potion            |       |     1 |       ||     1
  Eat: Meat ration       |     1 |       |       ||     1
       Chunk             |       |     7 |     3 ||    10
